 Dungeon Crawl Stone Soup version 0.29.1-14-g9c671dbff4 (webtiles) character file.

Game seed: 17057641167189316639

4 tizbic2 the Vexing (level 1, 0/19 HPs)
             Began as an Ogre Arcane Marksman on Feb 14, 2023.
             Slain by a giant cockroach (1 damage)
             ... on level 1 of the Dungeon.
             The game lasted 00:00:33 (141 turns).

tizbic2 the Vexing (Ogre Arcane Marksman)            Turns: 141, Time: 00:00:34

Health: 0/19       AC:  3    Str: 13    XL:     1   Next: 60%
Magic:  2/2        EV:  9    Int: 14    God:
Gold:   0          SH:  0    Dex:  9    Spells: 1/2 levels left

rFire   . . .      SeeInvis .   a - +1 sling
rCold   . . .      Faith    .   (no shield)
rNeg    . . .      Spirit   .   c - +0 robe
rPois   .          Reflect  .   (helmet restricted)
rElec   .          Harm     .   (no cloak)
rCorr   .          Rampage  .   (gloves unavailable)
Will    .....                   (boots unavailable)
Stlth   +.........              (no amulet)
HPRegen 0.06/turn               (no ring)
MPRegen 0.08/turn               (no ring)

@: no status effects
A: large, unfitting armour, tough skin 1
a: no special abilities


You were on level 1 of the Dungeon.
You visited 1 branch of the dungeon, and saw 1 of its levels.

Inventory:

Hand Weapons
 a - a +1 sling (weapon)
Armour
 c - a +0 robe (worn)
Scrolls
 b - a scroll of poison
Potions
 d - a potion of heal wounds {unknown}
 e - a potion of curing {unknown}


   Skills:
 + Level 1.5 Fighting
 * Level 1.4 Ranged Weapons
 + Level 1.8 Dodging
 + Level 1.3 Spellcasting
 + Level 2.7 Hexes


You had one spell level left.
You knew the following spells:

 Your Spells              Type           Power      Damage    Failure   Level
a - Slow                  Hex            32%        N/A       9%          1

Your spell library contained the following spells:

 Spells                   Type           Power      Damage    Failure   Level
 Inner Flame              Hex/Fire       4%         N/A       41%         3
 Portal Projectile        Hex/Tloc       8%         N/A       41%         3
 Cause Fear               Hex            4%         N/A       63%         4


Dungeon Overview and Level Annotations

Branches:
Dungeon (1/15)

Altars:


Innate Abilities, Weirdness & Mutations

You are too large for most types of armour.
You have tough skin. (AC +1)


Message History

The sling bullet hits the kobold but does no damage.
You shoot a sling bullet.
The sling bullet hits the giant cockroach but does no damage.
You shoot a sling bullet.
The sling bullet closely misses the kobold.
The giant cockroach bites you. The kobold hits you but does no damage.
You shoot a sling bullet.
The sling bullet hits the kobold but does no damage.
The giant cockroach closely misses you. The rat barely misses you.
The kobold barely misses you. The giant cockroach bites you.
You shoot a sling bullet. The sling bullet hits the kobold.
The kobold is severely wounded.
The rat bites you. The kobold barely misses you.
The giant cockroach bites you but does no damage.
The rat barely misses you.
The kobold hits you with a +0 short sword.
You shoot a sling bullet.
The sling bullet completely misses the kobold.
The giant cockroach barely misses you. The rat bites you.
The kobold hits you with a +0 short sword.
The giant cockroach barely misses you.
You are too injured to fight recklessly!
You are too injured to fight recklessly!
You are too injured to fight recklessly!
You are too injured to fight recklessly!
The giant cockroach barely misses you.
The kobold throws a stone.
The stone hits you. The giant cockroach closely misses you.
The giant cockroach attacks as you move away!
The giant cockroach bites you but does no damage.
The giant cockroach bites you.
The giant cockroach attacks as you move away!
The giant cockroach barely misses you. The rat attacks as you move away!
The rat misses you. The rat attacks as you move away! The rat bites you.
* * * LOW HITPOINT WARNING * * *
The rat attacks as you move away! The rat bites you.
* * * LOW HITPOINT WARNING * * *
The giant cockroach bites you.
You die...

#...........
#....#######
#$.........#
##.#.......#
#..#.......#
#..#.......#
#..#.K.....#
#..#rB.....#
#..##@###### #.#
#.#
##.################
#..................
#..################
#+##≈≈≈≈≈##
###8........## #
+.........<..#


You could see a giant cockroach, a kobold and a rat.

Vanquished Creatures
  A ball python (D:1)
  A bat (D:1)
  An endoplasm (D:1)
3 creatures vanquished.

Notes
Turn   | Place    | Note
-------+----------+-------------------------------------------
     0 | D:1      | tizbic2 the Ogre Arcane Marksman began the quest for the
                  | Orb.
     0 | D:1      | Reached XP level 1. HP: 19/19 MP: 2/2
   141 | D:1      | Slain by a giant cockroach

Illustrated notes

Levels and vault maps discovered:
D:1:      wander_arrival_chamber, layout_basic, minmay_worlds_worst_comb

Action                   || total
-------------------------++-------
 Fire: Sling             ||    16
Armor: Robe              ||     6
Dodge: Dodged            ||    14
